[Event "Titled Tuesday Blitz November 08 Early 2022"]
[White "Melikhov, Evgeny V."]
[Black "Krzyzanowski, Marcin"]
[WhiteFideId "4122046"]
[BlackFideId "1132199"]
[WhiteElo "2169"]
[BlackElo "2435"]
[Result "1/2-1/2"]
[Round "01"]
[TimeControl "180+1"]
[Date "2022.11.09"]
[WhiteClock "0:00:02"]
[BlackClock "0:00:08"]

1. d4 Nf6 2. c4 d6 3. Nc3 e5 4. dxe5 dxe5 5. Qxd8+ Kxd8 6. b3 c6 7. Bb2 Nfd7 8. O-O-O Kc7 9. Nf3 f6 10. g4 a5 11. g5 Na6 12. h4 Be7 13. gxf6 gxf6 14. e3 Nac5 15. Ba1 Rg8 16. Bh3 Nb6 17. Bxc8 Nxc8 18. Kc2 Nd6 19. Rhg1 Nf5 20. a3 Rad8 21. Rxd8 Rxg1 22. Nxg1 Kxd8 23. Nf3 Ne6 24. Bb2 Nh6 25. Ne4 Ng4 26. Kd2 Nc5 27. Nxc5 Bxc5 28. Ke2 Ke7 29. a4 Ke6 30. Nd2 Be7 31. f3 Nh6 32. Ne4 f5 33. Ng5+ Bxg5 34. hxg5 Nf7 35. f4 exf4 36. exf4 c5 37. Bc3 b6 38. Kf3 Nd6 39. Bb2 Ne4 40. Ke3 Kf7 41. Be5 h5 42. gxh6 Nf6 43. Bc7 Nd7 44. Bd8 Kg6 45. Bg5 Nf8 46. Kf3 Ne6 47. Ke3 Kh7 48. Kd3 Kg8 49. Kc3 Kh7 50. Kd3 Kg6 51. Kc3 Nf8 52. Bd8 Nd7 53. Bg5 Kf7 54. Kd3 Kg8 55. Kc3 Nb8 56. Kd3 Nc6 57. Kc3 Kh7 58. Kd3 Kg6 59. Kc3 Nb8 60. Kd3 Nd7 61. Kc3 Nf8 62. Kd3 Ne6 63. Kc3 Kf7 64. Kd3 Kg8 65. Kc3 Nf8 66. Kd3 Ne6 1/2-1/2


[Site "https://www.chess.com"]

[Event "Titled Tuesday Blitz November 08 Early 2022"]
[White "Melikyan, Gnel"]
[Black "Wiegmann, Sascha"]
[WhiteFideId "54109990"]
[BlackFideId "4682041"]
[WhiteElo "2138"]
[BlackElo "2297"]
[Result "1-0"]
[Round "01"]
[TimeControl "180+1"]
[Date "2022.11.09"]
[WhiteClock "0:00:32"]
[BlackClock "0:00:01"]

1. e4 c5 2. Nf3 d6 3. d4 cxd4 4. Nxd4 Nf6 5. f3 a6 6. c4 g6 7. Nc3 Bg7 8. Be3 O-O 9. Qd2 Re8 10. g4 Nc6 11. h4 Bxg4 12. fxg4 Nxg4 13. Nxc6 bxc6 14. Be2 Nxe3 15. Qxe3 Rb8 16. Qd2 Qa5 17. Rh3 h5 18. b3 Qe5 19. Rc1 Kh7 20. Qg5 Qe6 21. Qg2 a5 22. Rd1 Bh6 23. Rf3 Rf8 24. Qf2 Kg7 25. Qd4+ Kh7 26. Kf1 Bg7 27. Qd3 Qg4 28. Rh3 Qf4+ 29. Qf3 Qe5 30. Kg2 f5 31. Qg3 f4 32. Qf3 Rf7 33. Kh1 Rg8 34. Rg1 Bh8 35. Nd1 Bf6 36. Nf2 a4 37. Nd3 Qd4 38. Nf2 axb3 39. axb3 Ra8 40. Qg2 Rg7 41. Rd3 Qc5 42. Nh3 Bxh4 43. Nxf4 Qe5 44. Nh3 Ra2 45. Qf3 Bf6 46. Nf4 Rb2 47. Rdd1 Bg5 48. Nh3 Bh6 49. Rg2 1-0


[Site "https://www.chess.com"]

[Event "Titled Tuesday Blitz November 08 Early 2022"]
[White "Mika, Tomasz"]
[Black "Yeremyan, Alen"]
[WhiteFideId "1132970"]
[BlackFideId "13308998"]
[WhiteElo "2126"]
[BlackElo "2159"]
[Result "0-1"]
[Round "01"]
[TimeControl "180+1"]
[Date "2022.11.09"]
[WhiteClock "0:00:03"]
[BlackClock "0:01:16"]

1. d4 Nf6 2. Bf4 g6 3. Nc3 d5 4. e3 Bg7 5. h4 h5 6. Be2 O-O 7. Nf3 Ng4 8. Qd2 c6 9. O-O-O b5 10. Rdf1 a5 11. Ng5 e5 12. dxe5 Nxe5 13. f3 Nc4 14. Bxc4 dxc4 15. g4 Qxd2+ 16. Kxd2 hxg4 17. h5 gxf3 18. h6 Rd8+ 19. Kc1 Bh8 20. h7+ Kf8 21. Nce4 Bg4 22. Nxf3 Nd7 23. Nfg5 f6 24. Bd6+ Kg7 25. Rhg1 Bf5 26. Rxf5 gxf5 27. Ne6+ Kf7 28. Nxd8+ Rxd8 29. Ng3 Ke6 30. Bf4 Nf8 31. Rh1 Rd7 32. Rh6 Rxh7 33. Rxh7 Nxh7 34. Ne2 Kd5 35. Nd4 Bg7 36. Nxf5 Bf8 37. a3 Ng5 38. Ng3 Ne4 39. Nf5 Bc5 40. Kd1 Ke6 41. Ng3 Nxg3 42. Bxg3 Bxe3 43. Ke2 Bd4 44. c3 Be5 45. Be1 Bf4 46. Kd1 Kd5 47. Ke2 a4 0-1


[Site "https://www.chess.com"]

[Event "Titled Tuesday Blitz November 08 Early 2022"]
[White "Milikow, Yoav"]
[Black "Begunov, Konstantin"]
[WhiteFideId "2822237"]
[BlackFideId "4118510"]
[WhiteElo "2341"]
[BlackElo "2140"]
[Result "1-0"]
[Round "01"]
[TimeControl "180+1"]
[Date "2022.11.09"]
[WhiteClock "0:00:59"]
[BlackClock "0:00:11"]

1. d4 d5 2. c4 c6 3. Nf3 Nf6 4. g3 Bf5 5. Nc3 e6 6. Nh4 Bg4 7. h3 Bh5 8. g4 Ne4 9. gxh5 Qxh4 10. Nxe4 Qxe4 11. Rg1 Qh4 12. e3 Bb4+ 13. Bd2 Bxd2+ 14. Qxd2 g6 15. hxg6 hxg6 16. Qb4 Qe7 17. c5 b6 18. Qc3 bxc5 19. dxc5 e5 20. O-O-O Nd7 21. b4 O-O 22. Bd3 a5 23. a3 axb4 24. axb4 Ra4 25. Bc2 Ra2 26. e4 dxe4 27. Qb3 Rfa8 28. Rxg6+ Kf8 29. Rgd6 Ra1+ 30. Bb1 Nf6 31. Qe3 Nd5 32. Qh6+ Ke8 33. Qh8+ Qf8 34. Qxe5+ Qe7 35. Qh8+ Qf8 36. Qd4 Qe7 37. Rxc6 Nxb4 38. Qxb4 Qg5+ 39. Qd2 Qe5 40. Qd7+ Kf8 41. Qd6+ Qxd6 42. cxd6 R8a4 43. d7 1-0


[Site "https://www.chess.com"]

[Event "Titled Tuesday Blitz November 08 Early 2022"]
[White "Mills, Morgen"]
[Black "Obrien, Matthew"]
[WhiteFideId "2013304"]
[BlackFideId "2059150"]
[WhiteElo "2266"]
[BlackElo "2621"]
[Result "1/2-1/2"]
[Round "01"]
[TimeControl "180+1"]
[Date "2022.11.09"]
[WhiteClock "0:00:07"]
[BlackClock "0:00:07"]

1. e4 c5 2. Nf3 e6 3. c3 Nc6 4. d4 d5 5. exd5 Qxd5 6. Be2 Nf6 7. h3 Be7 8. Be3 cxd4 9. cxd4 O-O 10. O-O b6 11. Nc3 Qd8 12. Ne5 Bb7 13. Bf3 Rc8 14. Qa4 Qc7 15. Nb5 Qb8 16. Nxc6 Bxc6 17. Bxc6 Rxc6 18. Qxa7 Qxa7 19. Nxa7 Rc2 20. b3 Ra8 21. Nb5 Raxa2 22. Rxa2 Rxa2 23. Rc1 h6 24. Rc7 Nd5 25. Rc8+ Kh7 26. Rb8 Rb2 27. g3 Rxb3 28. Na7 Nxe3 29. fxe3 Rxe3 30. Rxb6 Rxg3+ 31. Kh2 Rd3 32. Nc6 Bf6 33. Rb7 Kg6 34. Rd7 e5 35. d5 e4 36. Kg2 Rd2+ 37. Kf1 e3 38. Ne7+ Bxe7 39. Rxe7 Rxd5 40. Rxe3 Rf5+ 41. Kg2 f6 42. Kg3 h5 43. h4 Re5 44. Rd3 Re6 45. Rc3 f5 46. Rd3 Rf6 47. Kf4 Re6 48. Kg3 Re4 49. Rd6+ Kh7 50. Rd5 g6 51. Rd7+ Kh6 52. Rc7 Rg4+ 53. Kh3 f4 54. Rf7 Rg3+ 55. Kh2 Rf3 56. Kg2 Rg3+ 57. Kh2 Rg4 58. Kh3 g5 59. Rf6+ Kg7 60. hxg5 Rg3+ 61. Kh4 Rg1 62. Rxf4 Rh1+ 63. Kg3 Kg6 64. Rf2 Kxg5 65. Kg2 Rc1 66. Kh2 Rc4 67. Rg2+ Rg4 68. Rf2 Kh4 69. Kh1 Kg3 70. Rg2+ Kf3 71. Rh2 h4 72. Rh3+ Kf4 73. Rh2 Kg5 74. Rf2 Rg3 75. Rg2 Kg4 76. Rh2 Kg5 77. Rg2 Kh5 78. Rh2 Kg4 79. Rg2 h3 80. Rxg3+ Kxg3 81. Kg1 Kf3 82. Kh1 Ke2 83. Kh2 Kf2 84. Kxh3 1/2-1/2


[Site "https://www.chess.com"]

[Event "Titled Tuesday Blitz November 08 Early 2022"]
[White "Mindlin, Alon"]
[Black "Makhmudov, Shukhrat"]
[WhiteFideId "2800071"]
[BlackFideId "14200775"]
[WhiteElo "2426"]
[BlackElo "2135"]
[Result "1-0"]
[Round "01"]
[TimeControl "180+1"]
[Date "2022.11.09"]
[WhiteClock "0:00:36"]
[BlackClock "0:00:06"]

1. d4 Nf6 2. c4 e6 3. Nf3 d5 4. Nc3 Bb4 5. e3 O-O 6. Bd3 dxc4 7. Bxc4 Bd6 8. e4 Be7 9. e5 Nd5 10. O-O Nxc3 11. bxc3 Re8 12. Bd3 Nd7 13. Qe2 Nf8 14. Qe4 c5 15. Rd1 cxd4 16. cxd4 Qd5 17. Rb1 b6 18. Qxd5 exd5 19. Bg5 Bg4 20. Bxe7 Bxf3 21. gxf3 Rxe7 22. Rbc1 Ne6 23. Bf5 Nf4 24. Rc6 g6 25. Bb1 Ree8 26. Kf1 Ne6 27. a4 Rec8 28. Rxc8+ Rxc8 29. Ba2 Nf4 30. Bb1 Rc4 31. Ke1 Rxa4 32. Bc2 Rc4 33. Rd2 b5 34. Kd1 a5 35. Bb3 Rc3 36. Ba2 b4 37. Rb2 Kf8 38. Bb1 Nd3 39. Ra2 a4 40. Kd2 a3 41. Bxd3 h5 42. Rc2 Rxd3+ 43. Kxd3 b3 44. Rc8+ Kg7 45. Kc3 b2 46. Kc2 Kh6 47. Ra8 Kg5 48. Rxa3 Kf4 49. Kxb2 1-0


[Site "https://www.chess.com"]

[Event "Titled Tuesday Blitz November 08 Early 2022"]
[White "Miszler, Levente"]
[Black "Grandelius, Nils"]
[WhiteFideId "763276"]
[BlackFideId "1710400"]
[WhiteElo "2176"]
[BlackElo "2617"]
[Result "0-1"]
[Round "01"]
[TimeControl "180+1"]
[Date "2022.11.08"]
[WhiteClock "0:00:02"]
[BlackClock "0:00:16"]

1. Nf3 g6 2. c4 Bg7 3. g3 c5 4. Bg2 Nc6 5. O-O d6 6. Nc3 Bg4 7. d3 e6 8. Rb1 Nge7 9. a3 O-O 10. Bd2 Rc8 11. b4 b6 12. h3 Bxf3 13. Bxf3 Qd7 14. Bg2 Rfd8 15. e4 Nd4 16. Ne2 Nec6 17. Be3 Nxe2+ 18. Qxe2 Nd4 19. Bxd4 Bxd4 20. Kh2 Qa4 21. Qa2 cxb4 22. Rxb4 Qd7 23. a4 Rc5 24. Rb5 Rdc8 25. Rfb1 Kg7 26. a5 bxa5 27. f4 Rxb5 28. Rxb5 Bb6 29. Qb2+ Kg8 30. h4 Rc5 31. e5 dxe5 32. Rxc5 Bxc5 33. Qxe5 Bb4 34. d4 a4 35. d5 a3 36. Qb8+ Bf8 37. Qb3 Qd6 38. c5 Qxc5 39. dxe6 Qe7 40. exf7+ Kg7 41. Bd5 Qf6 42. Kh3 a5 43. h5 Qf5+ 44. Kg2 gxh5 45. Qc3+ Qf6 46. Qb3 h4 47. gxh4 Qxf4 48. Qg3+ Qxg3+ 49. Kxg3 Kf6 50. Kf3 Ke5 51. Ba2 Kd4 52. Ke2 Kc3 53. Be6 Kb2 54. Kd3 a2 55. Bxa2 Kxa2 56. Kc4 Ka3 57. Kb5 a4 58. h5 Kb3 0-1


[Site "https://www.chess.com"]

[Event "Titled Tuesday Blitz November 08 Early 2022"]
[White "Moroni, Luca Jr"]
[Black "Lorenzo De La Riva, Lazaro"]
[WhiteFideId "865834"]
[BlackFideId "2268809"]
[WhiteElo "2573"]
[BlackElo "2294"]
[Result "1-0"]
[Round "01"]
[TimeControl "180+1"]
[Date "2022.11.09"]
[WhiteClock "0:02:11"]
[BlackClock "0:00:59"]

1. Nc3 Nf6 2. e4 Nc6 3. d4 e5 4. dxe5 Nxe5 5. Nf3 Nxf3+ 6. Qxf3 Bc5 7. Bg5 h6 8. Bxf6 Qxf6 9. Qxf6 gxf6 10. Nd5 Bb6 11. Nxf6+ Kf8 12. Nd5 d6 13. Nxb6 axb6 14. f3 Be6 15. a3 Ke7 16. Kf2 h5 17. Rd1 Ra5 18. Be2 Rc5 19. c3 Rg8 20. g3 Bh3 21. Rhg1 Ke6 22. f4 Bg4 23. Ke3 Bxe2 24. Kxe2 Rb5 25. Rd2 h4 26. Kf3 f5 27. exf5+ Kxf5 28. g4+ Kf6 29. Re1 Rg7 30. h3 Re7 31. g5+ Kf7 32. Rxe7+ Kxe7 33. Kg4 Ke6 34. Re2+ Kf7 35. Kxh4 Kg6 36. Kg4 d5 37. h4 c5 38. h5+ Kf7 39. h6 d4 40. f5 dxc3 41. bxc3 Rb1 42. g6+ Kf6 43. Re6# 1-0


[Site "https://www.chess.com"]

[Event "Titled Tuesday Blitz November 08 Early 2022"]
[White "Mosadeghpour, Masoud"]
[Black "Prabhu, Naveen"]
[WhiteFideId "12519278"]
[BlackFideId "30939372"]
[WhiteElo "2393"]
[BlackElo "2462"]
[Result "1-0"]
[Round "01"]
[TimeControl "180+1"]
[Date "2022.11.09"]
[WhiteClock "0:01:27"]
[BlackClock "0:01:01"]

1. e4 d5 2. exd5 Qxd5 3. Nc3 Qd8 4. d4 Nf6 5. Nf3 Bg4 6. Bc4 Nc6 7. O-O Bxf3 8. Qxf3 Qxd4 9. Bb5 O-O-O 10. Bxc6 bxc6 11. Qxc6 Qb6 12. Qa8+ Qb8 13. Qf3 e5 14. Bg5 Be7 15. Rfd1 Qxb2 16. Qf5+ Nd7 17. Bxe7 Qxc3 18. Bxd8 Rxd8 19. Qxf7 Qxc2 20. Rac1 Qa4 21. Qd5 Rf8 22. Qa8+ Nb8 23. Rb1 1-0


[Site "https://www.chess.com"]

[Event "Titled Tuesday Blitz November 08 Early 2022"]
[White "Moskvin, Anatoly"]
[Black "Fier, Alexandr"]
[WhiteFideId "24199990"]
[BlackFideId "2107139"]
[WhiteElo "2079"]
[BlackElo "2617"]
[Result "0-1"]
[Round "01"]
[TimeControl "180+1"]
[Date "2022.11.09"]
[WhiteClock "0:01:02"]
[BlackClock "0:01:42"]

1. e4 d6 2. d4 Nf6 3. Nc3 g6 4. Be3 c6 5. f3 b5 6. Qd2 Nbd7 7. h4 h5 8. Nh3 Bb7 9. Ng5 a6 10. O-O-O Qc7 11. e5 dxe5 12. dxe5 Qxe5 13. Bd4 Qc7 14. Bd3 c5 15. Bxf6 Nxf6 16. Ne6 Qc6 17. Nxb5 axb5 18. Bxb5 fxe6 19. Bxc6+ Bxc6 20. a3 Nd5 21. Kb1 Bg7 22. Qg5 Kf7 23. Rhe1 Rhb8 24. b3 Rxa3 25. Re5 Nc3+ 26. Kb2 Nxd1+ 0-1


[Site "https://www.chess.com"]

[Event "Titled Tuesday Blitz November 08 Early 2022"]
[White "Nakamura, Hikaru"]
[Black "Salman, Pavel"]
[WhiteFideId "2016192"]
[BlackFideId "24153753"]
[WhiteElo "2909"]
[BlackElo "2187"]
[Result "1-0"]
[Round "01"]
[TimeControl "180+1"]
[Date "2022.11.08"]
[WhiteClock "0:00:56"]
[BlackClock "0:00:03"]

1. Nf3 c5 2. g3 Nf6 3. Bg2 b6 4. Ne5 d5 5. c4 e6 6. cxd5 exd5 7. d4 Bd6 8. Qa4+ Bd7 9. Nxd7 Qxd7 10. Qxd7+ Nbxd7 11. Be3 Ne4 12. Nd2 Ndf6 13. Nxe4 Nxe4 14. Bxe4 dxe4 15. dxc5 Bxc5 16. Bxc5 bxc5 17. Rc1 Rc8 18. Rc4 O-O 19. Rxe4 Rfd8 20. Rc4 Rd5 21. f3 g6 22. Rc2 Rcd8 23. Kf2 Rd2 24. Rhc1 Kg7 25. Ke1 Rxc2 26. Rxc2 Rd5 27. Rc4 f5 28. Ra4 Rd7 29. b3 Kf6 30. Ra5 Rc7 31. Kd2 Rd7+ 32. Ke1 Re7 33. Rxc5 h5 34. h4 Rd7 35. Ra5 Rc7 36. b4 Rb7 37. a3 g5 38. Ra6+ Ke5 39. hxg5 Rg7 40. f4+ Kd4 41. Kf2 Kc3 42. b5 Kc4 43. a4 Kc5 44. Rf6 Kb4 45. Rxf5 Kxa4 46. e4 Kb4 47. Kf3 Kc4 48. Kg2 Re7 49. Re5 Rg7 50. Kh3 Kd4 51. Kh4 Ke3 52. Kxh5 1-0


[Site "https://www.chess.com"]

[Event "Titled Tuesday Blitz November 08 Early 2022"]
[White "Napoli, Nicolo"]
[Black "Goryachkina, Aleksandra"]
[WhiteFideId "813702"]
[BlackFideId "4147103"]
[WhiteElo "2311"]
[BlackElo "2484"]
[Result "0-1"]
[Round "01"]
[TimeControl "180+1"]
[Date "2022.11.09"]
[WhiteClock "0:00:16"]
[BlackClock "0:00:17"]

1. e4 c5 2. c3 d5 3. exd5 Qxd5 4. d4 Nf6 5. Nf3 Bg4 6. Be2 e6 7. c4 Qd8 8. O-O cxd4 9. Nxd4 Bxe2 10. Nxe2 Nc6 11. Nbc3 Be7 12. Qb3 b6 13. Rd1 Qc8 14. Bg5 O-O 15. Qa4 Ne5 16. b3 Qb7 17. Qb5 Ng6 18. Nd4 h6 19. Be3 Rac8 20. Nf3 Rfd8 21. h3 Rxd1+ 22. Rxd1 Bc5 23. Bxc5 Rxc5 24. Qb4 Nf4 25. Kh2 N6h5 26. Nb5 Nxg2 27. Kxg2 Rg5+ 28. Kf1 Qxf3 29. Rd8+ Kh7 30. Qd2 Nf4 0-1


[Site "https://www.chess.com"]

[Event "Titled Tuesday Blitz November 08 Early 2022"]
[White "Noboa Silva, Kevin"]
[Black "Martin, Lewis"]
[WhiteFideId "3618471"]
[BlackFideId "410551"]
[WhiteElo "2178"]
[BlackElo "2145"]
[Result "1-0"]
[Round "01"]
[TimeControl "180+1"]
[Date "2022.11.09"]
[WhiteClock "0:00:20"]
[BlackClock "0:00:12"]

1. d4 d5 2. c4 c6 3. Nc3 Nf6 4. cxd5 cxd5 5. Bf4 Nc6 6. e3 a6 7. Bd3 e6 8. a3 Bd6 9. Bxd6 Qxd6 10. f4 b5 11. Nf3 O-O 12. O-O Bb7 13. Ne5 b4 14. Na4 Ne7 15. Nc5 Bc6 16. axb4 Bb5 17. Ra5 Nc6 18. Nxc6 Qxc6 19. Qe2 Rfb8 20. Bxb5 Rxb5 21. Rfa1 Rxb4 22. Rxa6 Rxa6 23. Rxa6 Qc8 24. h3 h6 25. Ra7 Ne4 26. Qh5 g6 27. Qxh6 Nxc5 28. dxc5 Rxb2 29. h4 Rc2 30. h5 Rxc5 31. hxg6 1-0


[Site "https://www.chess.com"]

[Event "Titled Tuesday Blitz November 08 Early 2022"]
[White "Nugumanov, Bakhtiyar"]
[Black "Mendez Fortes, Eduardo Jesus"]
[WhiteFideId "13701797"]
[BlackFideId "3502376"]
[WhiteElo "2287"]
[BlackElo "2307"]
[Result "0-1"]
[Round "01"]
[TimeControl "180+1"]
[Date "2022.11.09"]
[WhiteClock "0:00:05"]
[BlackClock "0:00:33"]

1. Nf3 d5 2. g3 Nf6 3. Bg2 Bf5 4. c4 e6 5. O-O c6 6. cxd5 exd5 7. d3 Be7 8. Qb3 Qc8 9. Nc3 Nbd7 10. Nd4 Nc5 11. Qc2 Bh3 12. e4 Bxg2 13. Kxg2 O-O 14. e5 Nfd7 15. f4 f6 16. Nf5 Re8 17. d4 Ne6 18. Be3 Bf8 19. g4 fxe5 20. fxe5 c5 21. Rad1 cxd4 22. Nxd4 Nxe5 23. h3 Nc4 24. Bf2 Nf4+ 25. Kh2 Bd6 26. Nf5 Bc7 27. Bg3 Ne6 28. Nxd5 Bxg3+ 29. Nxg3 Ne5 30. Qf5 Nc5 31. Qg5 Ng6 32. Nf5 Qb8+ 33. Kh1 Ne4 34. Nfe7+ Nxe7 35. Nxe7+ Kh8 36. Qe5 Qxe5 0-1


[Site "https://www.chess.com"]

[Event "Titled Tuesday Blitz November 08 Early 2022"]
[White "Nurmanova, Alua"]
[Black "Roque Sola, Gisela"]
[WhiteFideId "13729390"]
[BlackFideId "5120241"]
[WhiteElo "2120"]
[BlackElo "1961"]
[Result "0-1"]
[Round "01"]
[TimeControl "180+1"]
[Date "2022.11.09"]
[WhiteClock "0:00:25"]
[BlackClock "0:01:51"]

1. e4 c5 2. Nf3 Nc6 3. d4 cxd4 4. Nxd4 Nf6 5. Nc3 e5 6. Ndb5 d6 7. Bg5 a6 8. Na3 b5 9. Nd5 Be7 10. Bxf6 Bxf6 11. c3 Bg5 12. Bd3 Ne7 13. Nxe7 Qxe7 14. c4 b4 15. Qa4+ Bd7 16. Qxb4 O-O 17. O-O f5 18. Nc2 f4 19. f3 Rab8 20. Qc3 Rf6 21. Nb4 Rh6 22. Nd5 Qf7 23. Rf2 Qh5 24. h3 Bxh3 25. gxh3 Qxh3 26. Rg2 Qh1+ 27. Kf2 Bh4+ 0-1


[Site "https://www.chess.com"]

[Event "Titled Tuesday Blitz November 08 Early 2022"]
[White "Omariev, Maksim"]
[Black "Gareyev, Timur"]
[WhiteFideId "4193423"]
[BlackFideId "14200937"]
[WhiteElo "2415"]
[BlackElo "2552"]
[Result "0-1"]
[Round "01"]
[TimeControl "180+1"]
[Date "2022.11.09"]
[WhiteClock "0:00:05"]
[BlackClock "0:00:12"]

1. g4 d5 2. Bg2 c6 3. g5 Bg4 4. d4 e6 5. Nf3 Bd6 6. Ne5 Bxe5 7. dxe5 Nd7 8. f4 h6 9. h4 hxg5 10. hxg5 Rxh1+ 11. Bxh1 Qb6 12. Kf1 Ne7 13. Nc3 O-O-O 14. Na4 Qa6 15. Nc3 Nf5 16. Qd3 Qb6 17. e3 Nc5 18. Qd2 Ne4 19. Qh2 Neg3+ 20. Ke1 Nxh1 21. Qxh1 Nxe3 22. Qh2 Bf5 23. Bxe3 Qxe3+ 24. Ne2 d4 25. Qg3 Bxc2 26. Rc1 Rh8 27. Qxe3 dxe3 28. Rxc2 Rh1+ 29. Ng1 Rxg1+ 30. Ke2 Rg2+ 31. Kd3 Rxc2 32. Kxc2 c5 33. Kd3 Kc7 34. Kxe3 Kc6 35. Ke4 g6 36. b3 Kb5 37. Kd3 Kb4 38. Kc2 c4 39. Kb2 cxb3 40. axb3 a5 41. Kc2 b5 42. Kb2 a4 43. bxa4 bxa4 44. Kc2 Kc4 0-1


[Site "https://www.chess.com"]

[Event "Titled Tuesday Blitz November 08 Early 2022"]
[White "Onslow, Alfie"]
[Black "Volkov, Maksim"]
[WhiteFideId "436976"]
[BlackFideId "54123070"]
[WhiteElo "2015"]
[BlackElo "2257"]
[Result "0-1"]
[Round "01"]
[TimeControl "180+1"]
[Date "2022.11.09"]
[WhiteClock "0:00:09"]
[BlackClock "0:00:09"]

1. e4 c5 2. Nc3 d6 3. d4 cxd4 4. Qxd4 Nc6 5. Qd2 g6 6. b3 Bh6 7. f4 e5 8. Nge2 Nf6 9. Bb2 O-O 10. O-O-O Bg4 11. Kb1 Nd4 12. Nxd4 Bxd1 13. Qxd1 exd4 14. Qxd4 Bxf4 15. Bc4 Be5 16. Qe3 a6 17. h4 b5 18. Bd5 Nxd5 19. Nxd5 h5 20. g4 hxg4 21. h5 Kg7 22. hxg6 Rh8 23. Rg1 fxg6 24. Qf4 Qe8 25. Qxg4 Ra7 26. Nf4 Rh6 27. Nh5+ Kh7 28. Nf6+ Bxf6 29. Bxf6 Qd7 30. Qg5 Qe6 31. Bb2 Rf7 32. Qd8 Rg7 33. Rf1 Qg8 34. Qf6 Rh5 35. Qxd6 Rf7 36. Rg1 Rh4 37. e5 Qf8 38. a3 Qxd6 39. exd6 Rd7 40. Rd1 g5 41. Be5 g4 42. Bf6 Rh6 43. Be7 g3 44. Rg1 Rg6 45. Kc1 Kh6 46. Kd2 Kh5 47. Ke3 Kg4 48. Ke4 Kh3 49. Ke5 g2 50. c4 bxc4 51. bxc4 Kh2 52. Rxg2+ Rxg2 53. c5 Re2+ 54. Kd5 Rd2+ 55. Ke6 Ra7 56. c6 Rc2 57. c7 Raxc7 58. dxc7 Rxc7 59. Bb4 Kg2 60. Kd6 Rc2 61. Bc5 Kf3 62. Kc6 Rb2 63. Bb4 Re2 64. Kb6 Re6+ 65. Ka5 Ke4 66. Bc5 Kd5 67. Bb4 Kc4 68. Ka4 Re5 69. Ba5 Rb5 70. Bb4 Kd5 71. Ba5 Kc6 72. Bb4 Kb6 73. Bc3 a5 74. Bd4+ Ka6 75. Bc3 Rb7 76. Bd4 Rd7 77. Bc3 Rd5 78. Kb3 Kb5 79. a4+ Ka6 80. Kc4 Rh5 81. Bd4 Rh4 82. Kc5 Rg4 83. Kc4 Rg2 84. Kb3 Rd2 85. Bc3 Re2 86. Kc4 Ra2 87. Kb3 Rh2 88. Kc4 Rh3 89. Kb3 Kb6 90. Kc4 Rh4+ 91. Bd4+ Kc6 92. Kd3 Kd5 93. Bb6 Rxa4 94. Kc3 Kc6 95. Bd4 Kb5 96. Kd3 Rb4 97. Be5 Rb3+ 98. Bc3 a4 99. Kc2 Kc4 100. Bb2 a3 101. Ba1 a2 102. Kd2 Rb1 103. Kc2 Rxa1 104. Kb2 Rh1 105. Kxa2 Rh2+ 106. Ka1 Kb3 107. Kb1 Rh1# 0-1


[Site "https://www.chess.com"]

[Event "Titled Tuesday Blitz November 08 Early 2022"]
[White "Orozbaev, Eldiar"]
[Black "Pourkashiyan, Atousa"]
[WhiteFideId "13802240"]
[BlackFideId "12502014"]
[WhiteElo "2244"]
[BlackElo "2247"]
[Result "1/2-1/2"]
[Round "01"]
[TimeControl "180+1"]
[Date "2022.11.09"]
[WhiteClock "0:00:07"]
[BlackClock "0:00:05"]

1. e4 c5 2. c3 Nf6 3. e5 Nd5 4. Nf3 e6 5. d4 cxd4 6. cxd4 d6 7. Nc3 Nxc3 8. bxc3 Qc7 9. Bd2 Nd7 10. Bd3 dxe5 11. O-O Be7 12. Qe2 exd4 13. cxd4 a6 14. Rac1 Qd6 15. g3 O-O 16. Bf4 Qa3 17. Ne5 Nxe5 18. dxe5 Bd7 19. Rc7 Bb5 20. Bxb5 axb5 21. Qxb5 Ra7 22. Be3 Ra5 23. Qxb7 Bc5 24. Bxc5 Rxc5 25. Rxc5 Qxc5 26. Qe4 Qa3 27. Qc2 Ra8 28. Rd1 g6 29. Rd2 Rb8 30. h4 Qa5 31. Re2 Qa3 32. h5 Qb4 33. h6 Qf8 34. Qd2 Rb1+ 35. Kg2 Qa8+ 36. f3 Qb8 37. Qf4 Qb6 38. Rf2 Rb2 39. Rxb2 Qxb2+ 40. Kh3 Qb1 41. Kh2 Qc2+ 42. Kh3 Qd1 43. Qh4 Qh1+ 44. Kg4 Qd1 45. Qf6 Kf8 46. Qg7+ Ke7 47. Qf6+ Ke8 48. Qh8+ Ke7 49. Qxh7 Qd4+ 50. Kh3 Qg1 51. Kg4 Qd4+ 52. f4 Qd1+ 53. Kh3 Qh5+ 54. Kg2 Qe2+ 55. Kg1 Qe1+ 56. Kh2 Qe2+ 57. Kh1 Qe1+ 58. Kg2 Qe2+ 59. Kh3 Qh5+ 60. Kg2 Qe2+ 1/2-1/2


[Site "https://www.chess.com"]

[Event "Titled Tuesday Blitz November 08 Early 2022"]
[White "Osmonbekov, Talaibek"]
[Black "Velikanov, Alexander"]
[WhiteFideId "2017253"]
[BlackFideId "2039290"]
[WhiteElo "2135"]
[BlackElo "2259"]
[Result "0-1"]
[Round "01"]
[TimeControl "180+1"]
[Date "2022.11.09"]
[WhiteClock "0:00:01"]
[BlackClock "0:00:06"]

1. d4 Nf6 2. Bf4 c5 3. d5 d6 4. Nc3 Qa5 5. Qd3 g6 6. e4 a6 7. Nf3 Bg7 8. e5 dxe5 9. Bxe5 Bf5 10. Qd2 Nbd7 11. Bd3 Nxe5 12. Nxe5 Bxd3 13. Qxd3 Rd8 14. O-O O-O 15. Rad1 Qc7 16. Rfe1 Rfe8 17. a4 Nh5 18. Nc4 Nf4 19. d6 exd6 20. Qg3 Bxc3 21. Rxe8+ Rxe8 22. Qxf4 Be5 23. Qf3 Re6 24. b3 Bd4 25. c3 Qe7 26. g3 Bf6 27. Ne3 Bxc3 28. Nd5 Re1+ 29. Kg2 Qe4 30. Qxe4 Rxe4 31. Nxc3 Rb4 32. Rxd6 Rxb3 33. Nd5 Kg7 34. Nb6 Ra3 35. Rd5 Rb3 36. a5 Rb5 37. Nc4 Kf6 38. Kf3 Ke6 0-1


[Site "https://www.chess.com"]

[Event "Titled Tuesday Blitz November 08 Early 2022"]
[White "Ostrovskiy, Aleksandr"]
[Black "Shohat, Yotam"]
[WhiteFideId "2034239"]
[BlackFideId "2813955"]
[WhiteElo "2340"]
[BlackElo "2216"]
[Result "0-1"]
[Round "01"]
[TimeControl "180+1"]
[Date "2022.11.09"]
[WhiteClock "0:00:07"]
[BlackClock "0:00:06"]

1. e4 g6 2. d4 Nf6 3. e5 Nh5 4. Nf3 d6 5. Be2 Nc6 6. exd6 Qxd6 7. O-O Bg7 8. c3 Nf4 9. Bb5 O-O 10. Nbd2 Nd5 11. Ne4 Qd8 12. Re1 Nf6 13. Ng3 Bd7 14. a4 a6 15. Bc4 Na5 16. Ba2 b5 17. axb5 axb5 18. Ne5 Nc4 19. Nxc4 bxc4 20. Bg5 Bb5 21. Qe2 Qd5 22. Bd2 e6 23. Nf1 Ra4 24. Ne3 Qa8 25. b3 Rxa2 26. Rxa2 Qxa2 27. bxc4 Ba6 28. h4 Ne4 29. Nf1 Bxc4 30. Qxc4 Qxc4 31. Rxe4 Rb8 32. Re1 Rb2 33. Rd1 Qe2 34. Re1 Rxd2 35. Nxd2 Qxe1+ 36. Nf1 Qxc3 0-1


[Site "https://www.chess.com"]

[Event "Titled Tuesday Blitz November 08 Early 2022"]
[White "Ovchinnikov, Vsevolod"]
[Black "Sala, Giulia"]
[WhiteFideId "24176842"]
[BlackFideId "2840451"]
[WhiteElo "2376"]
[BlackElo "1769"]
[Result "1-0"]
[Round "01"]
[TimeControl "180+1"]
[Date "2022.11.09"]
[WhiteClock "0:00:46"]
[BlackClock "0:01:18"]

1. d4 c5 2. d5 Nf6 3. c4 a6 4. a4 e6 5. Nc3 d6 6. Nf3 Nbd7 7. dxe6 fxe6 8. Bf4 Nb6 9. a5 Nxc4 10. Qa4+ Bd7 11. Qxc4 d5 12. Qb3 Be7 13. e3 O-O 14. Qxb7 Nh5 15. Bc7 Qe8 16. Be2 Bc6 17. Qb3 c4 18. Qc2 Qd7 19. Be5 Bd6 20. O-O Qc7 21. Bxd6 Qxd6 22. Nd4 Bd7 23. Bxh5 e5 24. Nde2 Qh6 25. Ng3 g6 26. Be2 Be6 27. Rad1 Rfd8 28. Na4 d4 29. exd4 exd4 30. Bxc4 1-0


[Site "https://www.chess.com"]